cohdb
Replays
Latest Replays
All Replays
Popular Replays
Top Player Replays
Match Explorer
How It Works
Community
CoH3 Stats
Reddit
Sign in to upload your games and track your stats! →
Sign in with Steam
Match 41890483
Unlisted
Match 41890483
Overview
Messages
Build Orders
End
Construct Weapon Support Center
Engineer Squad
M1919 Machine Gun Team
Sniper
Selects Heavy Weapons
Construct Medical Station
M1919 Machine Gun Team
Selects M2HB .50cal Heavy Machine Gun
Selects Assault Carriers
Construct Barracks
Bazooka Squad
Riflemen Squad
Riflemen Squad
Grenade Package
Infantry Support Center
Riflemen Squad
Selects Halftrack Strongpoints
M3 Assault Carrier
Construct Motor Pool
Nukepapa
stunta
Sauzer88
=BIA=Decapsy
0
0
Comments
sign in to comment!
No comments posted yet!